 Dungeon Crawl Stone Soup version 0.24.0-37-gcf1ca852f1 (webtiles) character file.

Game seed: 17237681027073574027, levelgen mode: deterministic

665 FishyPogo the Charmwright (level 7, -10/56 HPs)
             Began as a Gnoll Skald on Dec 7, 2019.
             Was an Initiate of Nemelex Xobeh.
             Mangled by an ogre
             ... wielding a +0 giant club
              (24 damage)
             ... on level 4 of the Dungeon.
             The game lasted 00:10:37 (2179 turns).

FishyPogo the Charmwright (Gnoll Skald)             Turns: 2179, Time: 00:10:38

Health: -10/56     AC:  4    Str: 18    XL:     7   Next: 57%
Magic:  9/15       EV: 15    Int: 16    God:    Nemelex Xobeh [......]
Gold:   148        SH:  0    Dex: 15    Spells: 6/17 levels left

rFire    . . .     SeeInvis .   a - +2 flail (holy)
rCold    . . .     Gourm    .   (no shield)
rNeg     . . .     Faith    .   w - +0 leather armour
rPois    .         Spirit   .   (no helmet)
rElec    .         Reflect  .   (no cloak)
rCorr    .         Harm     .   (no gloves)
MR       .....                  c - +0 pair of boots
Stlth    +.........             (no amulet)
HPRegen  1.18/turn              j - +4 ring of strength
MPRegen  0.14/turn              (no ring)

@: singing, very slightly contaminated, regenerating, glowing
A: distributed training, fangs 1, strong nose
a: Draw Escape, Draw Destruction, Draw Summoning, Renounce Religion


You were on level 4 of the Dungeon.
You worshipped Nemelex Xobeh.
Nemelex Xobeh was noncommittal.
You were hungry.

You visited 1 branch of the dungeon, and saw 5 of its levels.

You collected 148 gold pieces.

Inventory:

Hand Weapons
 a - a +2 flail of holy wrath (weapon)
 b - a +2 mace of pain
Missiles
 i - 82 stones (quivered)
 l - 7 boomerangs
 n - 13 poisoned darts
 x - 2 throwing nets
Armour
 c - a +0 pair of boots (worn)
 w - a +0 leather armour (worn)
Jewellery
 j - a +4 ring of strength (left hand)
 t - a cursed -3 ring of slaying {unknown}
Wands
 y - a wand of polymorph (6)
Scrolls
 f - 2 scrolls of immolation {unknown}
 h - 2 scrolls of teleportation
 p - 3 scrolls of identify
 z - a scroll of amnesia {unknown}
Potions
 e - 4 potions of magic {unknown}
 g - a potion of heal wounds {unknown}
 k - a potion of mutation {unknown}
 m - a potion of haste {unknown}
 o - a potion of curing {unknown}
 q - a potion of cancellation {unknown}
 s - a potion of brilliance
 v - a potion of might {unknown}
Comestibles
 d - 7 rations
 A - 6 chunks of flesh


   Skills:
 + Level 5.2 Fighting
 + Level 2.5 Short Blades
 + Level 2.5 Long Blades
 + Level 2.5 Axes
 + Level 5.2 Maces & Flails
 + Level 2.5 Polearms
 + Level 2.5 Staves
 + Level 2.5 Slings
 + Level 2.5 Bows
 + Level 2.5 Crossbows
 + Level 2.5 Throwing
 + Level 3.6 Armour
 + Level 5.2 Dodging
 + Level 2.5 Stealth
 + Level 2.5 Shields
 + Level 2.5 Unarmed Combat
 + Level 5.6 Spellcasting
 + Level 2.0 Conjurations
 + Level 2.0 Hexes
 + Level 5.8 Charms
 + Level 2.0 Summonings
 + Level 2.0 Necromancy
 + Level 2.0 Translocations
 + Level 2.0 Transmutations
 + Level 2.0 Fire Magic
 + Level 2.0 Ice Magic
 + Level 2.0 Air Magic
 + Level 2.0 Earth Magic
 + Level 2.0 Poison Magic
 + Level 2.8 Invocations
 + Level 2.5 Evocations


You had 6 spell levels left.
You knew the following spells:

 Your Spells              Type           Power        Failure   Level  Hunger
h - Regeneration          Chrm/Necr      ###.......   10%         3    ##.....
n - Spectral Weapon       Hex/Chrm       ###.....     10%         3    ##.....
p - Shroud of Golubria    Chrm/Tloc      ###...       4%          2    #......
u - Song of Slaying       Chrm           ###.....     2%          2    #......
y - Infusion              Chrm           ###.         1%          1    None

Your spell library contained the following spells:

 Spells                   Type           Power        Failure   Level  Hunger
 Animate Skeleton         Necr           N/A          8%          1    None
 Apportation              Tloc           ##....       8%          1    None
 Beastly Appendage        Tmut           ##....       8%          1    None
 Confusing Touch          Hex            ##....       8%          1    None
 Magic Dart               Conj           ##..         8%          1    None
 Summon Small Mammal      Summ           ##..         8%          1    None
 Blink                    Tloc           N/A          11%         2    #......
 Call Imp                 Summ           ##......     11%         2    #......
 Slow                     Hex            ##......     11%         2    #......
 Sticks to Snakes         Tmut           ##......     11%         2    #......
 Conjure Flame            Conj/Fire      ##......     22%         3    ##.....
 Mephitic Cloud           Conj/Pois/Air  ##......     22%         3    ##.....
 Spider Form              Tmut/Pois      ##........   22%         3    ##.....
 Ice Form                 Ice/Tmut       ##......     58%         4    ####...
 Blade Hands              Tmut           ##........   90%         5    ######.


Dungeon Overview and Level Annotations

Branches:
Dungeon (5/15)
 Temple: D:4-7

Altars:
Nemelex Xobeh


Innate Abilities, Weirdness & Mutations

Your experience applies equally to all skills.
You have very sharp teeth.
Your uncanny sense of smell can sniff out nearby items.


Message History

The jackal bites you but does no damage.
You sock the jackal skeleton!
You destroy the jackal skeleton!
The jackal bites you.
* * * LOW HITPOINT WARNING * * *
The jackal barely misses you.
The jackal bites you but does no damage.
Unknown command.
The black bear misses you. The black bear claws you.
* * * LOW HITPOINT WARNING * * *
The black bear misses you.
Found a scale mail.
You hear a shout!
The jackal bites you.
* * * LOW HITPOINT WARNING * * *
The jackal bites you but does no damage.
An ogre comes into view. It is wielding a +0 giant spiked club.
The ogre hits you with a +0 giant club!!
You die...
Your body disappears without additional glow.

#..........
#..#....... ##.
>..#... ..##..#
.. ........ .
.......... ####
..... ...
##.h###......
....##
#..hh@.......
......
##..hO........
##..
##.......#.....
#.. ##........#
#.O. #..
#......w.... #.
#..
##......##...
.....
#.......##....
......
##.....?.....[
#....#
##........!
##..#


You could see a black bear, 2 ogres, a worm and 3 jackals.

Vanquished Creatures
  Sigmund (D:3)
  An ice beast (D:3)
  A centaur (D:2)
  2 orc wizards (D:4)
  Ijyb (D:3)
  Terence (D:2)
  A killer bee zombie (D:5)
  10 gnolls
  2 adders (D:3)
  An ooze (D:3)
  3 dart slugs
  5 leopard geckos
  9 orcs
  3 ball pythons
  3 giant cockroaches
  8 hobgoblins
  8 kobolds
  8 bats
  6 frilled lizards
  4 goblins
  2 jackal skeletons
  5 rats
85 creatures vanquished.

Notes
Turn   | Place    | Note
-------+----------+-------------------------------------------
     0 | D:1      | FishyPogo the Gnoll Skald began the quest for the Orb.
     0 | D:1      | Reached XP level 1. HP: 20/20 MP: 6/6
    54 | D:1      | Reached XP level 2. HP: 18/26 MP: 7/7
   166 | D:1      | Learned a level 2 spell: Song of Slaying
   169 | D:1      | Learned a level 2 spell: Shroud of Golubria
   406 | D:2      | Reached XP level 3. HP: 23/31 MP: 6/9
   416 | D:2      | Learned a level 3 spell: Regeneration
   420 | D:2      | Learned a level 3 spell: Spectral Weapon
   520 | D:2      | Reached skill level 5 in Spellcasting
   717 | D:3      | Reached skill level 1 in Invocations
   728 | D:2      | Reached skill level 1 in Short Blades
   728 | D:2      | Reached skill level 1 in Long Blades
   728 | D:2      | Reached skill level 1 in Axes
   728 | D:2      | Reached skill level 1 in Polearms
   728 | D:2      | Reached skill level 1 in Staves
   728 | D:2      | Reached skill level 1 in Slings
   728 | D:2      | Reached skill level 1 in Bows
   728 | D:2      | Reached skill level 1 in Crossbows
   728 | D:2      | Reached skill level 1 in Throwing
   728 | D:2      | Reached skill level 1 in Stealth
   728 | D:2      | Reached skill level 1 in Shields
   728 | D:2      | Reached skill level 1 in Unarmed Combat
   728 | D:2      | Reached skill level 1 in Evocations
   730 | D:2      | Reached XP level 4. HP: 12/38 MP: 8/11
   794 | D:2      | Noticed a centaur
   826 | D:2      | Noticed Terence
   836 | D:2      | Killed Terence
   897 | D:2      | Killed a centaur
   897 | D:2      | Reached skill level 1 in Conjurations
   897 | D:2      | Reached skill level 1 in Hexes
   897 | D:2      | Reached skill level 1 in Summonings
   897 | D:2      | Reached skill level 1 in Necromancy
   897 | D:2      | Reached skill level 1 in Translocations
   897 | D:2      | Reached skill level 1 in Transmutations
   897 | D:2      | Reached skill level 1 in Fire Magic
   897 | D:2      | Reached skill level 1 in Ice Magic
   897 | D:2      | Reached skill level 1 in Air Magic
   897 | D:2      | Reached skill level 1 in Earth Magic
   897 | D:2      | Reached skill level 1 in Poison Magic
   897 | D:2      | Reached XP level 5. HP: 41/43 MP: 6/12
  1241 | D:3      | Noticed Sigmund
  1248 | D:3      | Killed Sigmund
  1248 | D:3      | Reached skill level 5 in Fighting
  1248 | D:3      | Reached skill level 5 in Maces & Flails
  1248 | D:3      | Reached skill level 5 in Dodging
  1248 | D:3      | Reached XP level 6. HP: 51/51 MP: 10/14
  1362 | D:3      | Noticed Ijyb
  1387 | D:3      | Killed Ijyb
  1455 | D:3      | Reached XP level 7. HP: 32/56 MP: 7/15
  1557 | D:3      | Found a sparkling altar of Nemelex Xobeh.
  1561 | D:3      | Became a worshipper of Nemelex Xobeh the Trickster
  1814 | D:3      | HP: 2/56 [ice beast (13)]
  1931 | D:3      | Received a gift from Nemelex Xobeh
  2062 | D:4      | You fall into a shaft and drop 1 floor!
  2062 | D:5      | Entered Level 5 of the Dungeon
  2179 | D:4      | Mangled by an ogre

Levels and vault maps discovered:
D:1:      co_arrival_square_in_a_square_in_a_square, layout_loops_ring
D:2:      layout_basic, uniq_terence
D:3:      layout_loops_ring, nemelex_dance_club_becter, uniq_ijyb, uniq_sigmund
D:4:      kennysheep_spiral_hall, layout_cave_pools
D:5:      layout_basic, first_ration, abandoned_shop, uniq_pikel, uniq_edmund,
          uniq_prince_ribbit1

Skill      XL: |  1  2  3  4  5  6  7 |
---------------+----------------------+-----
Spellcasting   | 5 |  5.6
Invocations    | 1 2 |  2.8
Short Blades   | 1 2 |  2.5
Long Blades    | 1 2 |  2.5
Axes           | 1 2 |  2.5
Polearms       | 1 2 |  2.5
Staves         | 1 2 |  2.5
Slings         | 1 2 |  2.5
Bows           | 1 2 |  2.5
Crossbows      | 1 2 |  2.5
Throwing       | 1 2 |  2.5
Stealth        | 1 2 |  2.5
Shields        | 1 2 |  2.5
Unarmed Combat | 1 2 |  2.5
Evocations     | 1 2 |  2.5
Armour         | 3 |  3.6
Conjurations   | 1 2 |  2.0
Hexes          | 1 2 |  2.0
Summonings     | 1 2 |  2.0
Necromancy     | 1 2 |  2.0
Translocations | 1 2 |  2.0
Transmutations | 1 2 |  2.0
Fire Magic     | 1 2 |  2.0
Ice Magic      | 1 2 |  2.0
Air Magic      | 1 2 |  2.0
Earth Magic    | 1 2 |  2.0
Poison Magic   | 1 2 |  2.0
Fighting       | 5 |  5.2
Maces & Flails | 5 |  5.2
Dodging        | 5 |  5.2
Charms         | |  5.8

Action                   |  1- 3 |  4- 6 |  7- 9 || total
-------------------------+-------+-------+-------++-------
Melee: Mace              |    88 |    74 |    37 ||   199
       Bite              |     6 |     7 |    10 ||    23
       Punch             |       |     2 |       ||     2
       Unarmed           |       |    22 |       ||    22
       Flail             |       |       |    13 ||    13
 Cast: Song of Slaying   |     5 |     2 |     3 ||    10
       Infusion          |     2 |     1 |     2 ||     5
       Regeneration      |     1 |     5 |     4 ||    10
       Spectral Weapon   |       |     7 |     4 ||    11
       Shroud of Golubri |       |     1 |     1 ||     2
  Use: Scroll            |       |       |     4 ||     4
 Stab: Sleeping          |     3 |     2 |       ||     5
  Eat: Chunk             |       |     3 |     3 ||     6
Armor: Leather armour    |    20 |     9 |    17 ||    46
Dodge: Dodged            |    86 |    66 |    52 ||   204
